 Dungeon Crawl Stone Soup version 0.23-a0-296-ga3b1b28 (webtiles) character file.

538 namelastname112 the Firebug (level 7, 48/56 HPs)
             Began as a Yellow Draconian Fire Elementalist on Oct 5, 2018.
             Quit the game on level 4 of the Dungeon.
             The game lasted 00:08:32 (4196 turns).

namelastname112 the Firebug (DrFE)                  Turns: 4196, Time: 00:08:33

Health: 48/56      AC:  6    Str: 10    XL:     7   Next: 5%
Magic:  3/13       EV: 10    Int: 17    God:
Gold:   182        SH:  0    Dex: 12    Spells: 9/14 levels left

rFire    . . .     SeeInvis .   r - +2 dagger (venom)
rCold    + . .     Gourm    .   (no shield)
rNeg     . . .     Faith    .   (armour unavailable)
rPois    .         Spirit   .   (helmet restricted)
rElec    .         Reflect  .   (no cloak)
rCorr    +         Harm     .   (no gloves)
MR       .....                  (no boots)
Stlth    ++........             (no amulet)
HPRegen  0.18/turn              h - ring of protection from cold
MPRegen  0.13/turn              k - -3 ring of evasion (curse)

@: no status effects
A: spit acid, acid resistance, unfitting armour, cold-blooded, AC +6
a: Breathe Acid


You were on level 4 of the Dungeon.
You were very hungry.

You visited 1 branch of the dungeon, and saw 4 of its levels.

You collected 182 gold pieces.

Inventory:

Hand Weapons
 r - a +2 dagger of venom (weapon)
Missiles
 m - a throwing net (quivered)
Jewellery
 h - a ring of protection from cold (left hand)
 k - a cursed -3 ring of evasion (right hand)
Wands
 c - a wand of acid (4)
Scrolls
 e - a scroll of magic mapping {unknown}
 f - 5 scrolls of identify {unknown}
 j - 5 scrolls of teleportation {unknown}
 q - a scroll of enchant armour {unknown}
 s - a scroll of blinking {unknown}
Potions
 a - a potion of flight {unknown}
 d - 2 potions of curing {unknown}
 g - a potion of might {unknown}
 i - 4 potions of heal wounds {unknown}
 n - a potion of haste {unknown}
 o - a potion of berserk rage {unknown}
 p - a potion of lignification {unknown}
Comestibles
 b - 8 rations


   Skills:
 + Level 2.4 Fighting
 + Level 2.8 Dodging
 - Level 1.7 Stealth
 * Level 4.0 Spellcasting
 * Level 3.7 Conjurations
 * Level 4.7 Fire Magic


You had 9 spell levels left.
You knew the following spells:

 Your Spells              Type           Power        Failure   Level  Hunger
x - Sticky Flame          Conj/Fire      ###.....     28%         4    ####...
z - Flame Tongue          Conj/Fire      ###..        2%          1    None

Your spell library contained the following spells:

 Spells                   Type           Power        Failure   Level  Hunger
 Throw Flame              Conj/Fire      ###...       4%          2    ##.....
 Conjure Flame            Conj/Fire      ###.....     9%          3    ###....
 Confusing Touch          Hex            #.....       16%         1    None
 Inner Flame              Hex/Fire       ##......     19%         3    ###....
 Confuse                  Hex            #.......     43%         3    ###....
 Gell's Gravitas          Tloc           #.........   43%         3    ###....
 Fireball                 Conj/Fire      ###.......   61%         5    ######.
 Petrify                  Tmut/Erth      #.......     83%         4    ####...
 Metabolic Englaciation   Hex/Ice        #.........   99%         5    ######.
 Yara's Violent Unravell  Hex/Tmut       #.........   99%         5    ######.


Dungeon Overview and Level Annotations

Branches:
Dungeon (4/15)
 Temple: D:4-7

Altars:
Nemelex Xobeh
Trog


Innate Abilities, Weirdness & Mutations

You can spit globs of acid.
You are resistant to acid.
Your golden yellow scales are hard. (AC +6)
You cannot fit into any form of body armour.
You are cold-blooded and may be slowed by cold attacks.


Message History

A frilled lizard is nearby!
Casting: Flame Tongue (safe; 2% risk of failure)
Confirm with . or Enter, or press ? or * to list all spells.
Aiming: Flame Tongue (safe; 2% risk of failure)
Press: ? - help, Shift-Dir - straight line, f - frilled lizard
Aim: a frilled lizard (resting)
The flame tongue hits the frilled lizard.
You kill the frilled lizard!
You now have 3/13 mp.
Casting: Flame Tongue (safe; 2% risk of failure)
Confirm with . or Enter, or press ? or * to list all spells.
You can't see any susceptible monsters within range! (Use Z to cast anyway.)
Casting: Flame Tongue (safe; 2% risk of failure)
Confirm with . or Enter, or press ? or * to list all spells.
You can't see any susceptible monsters within range! (Use Z to cast anyway.) Done exploring.
Done exploring.
Done exploring.
Done exploring.
Are you sure you want to abandon this character and quit the game? (Confirm

#..8....# #....# #.##
#.....#.# ###### #.##
#.....#.############.##
#.#.............)....##
#.......########...####
#......## #...#
#......# #...# #......#
##### #.....@# #......#
#......# #......#
#......# ########
######## #.......
#....... #.......


There were no monsters in sight!

Vanquished Creatures
  A scorpion (D:4)
  A howler monkey (D:4)
  An orc priest (D:4)
  A hound (D:4)
  An orc wizard (D:4)
  2 worker ants (D:4)
  3 hound zombies (D:4)
  2 hound skeletons (D:4)
  Robin (D:3)
  A howler monkey skeleton (D:4)
  4 gnolls (D:2)
  8 adders
  3 oozes
  2 adder zombies (D:4)
  3 worms
  2 dart slugs (D:4)
  A leopard gecko (D:1)
  2 orcs (D:4)
  7 bats
  A giant cockroach (D:3)
  23 goblins
  7 hobgoblins
  3 jackals (D:2)
  3 quokkas
  4 ball pythons
  9 frilled lizards
  A jackal skeleton (D:4)
  A jackal zombie (D:4)
  5 kobolds
  A leopard gecko zombie (D:4)
  2 quokka skeletons (D:4)
  6 rats
112 creatures vanquished.

Notes
Turn   | Place    | Note
-------+----------+-------------------------------------------
     0 | D:1      | namelastname112 the Draconian Fire Elementalist began the
                  | quest for the Orb.
     0 | D:1      | Reached XP level 1. HP: 14/14 MP: 3/3
   682 | D:1      | Reached XP level 2. HP: 18/20 MP: 1/5
  1300 | D:2      | Reached XP level 3. HP: 27/27 MP: 1/6
  1559 | D:2      | Reached skill level 1 in Fighting
  1579 | D:2      | Reached XP level 4. HP: 35/35 MP: 1/8
  2020 | D:2      | Learned a level 4 spell: Sticky Flame
  2371 | D:3      | Reached XP level 5. HP: 40/40 MP: 3/9
  2458 | D:3      | Found a bloodstained altar of Trog.
  2499 | D:3      | Found a sparkling altar of Nemelex Xobeh.
  2654 | D:3      | Noticed Robin
  2732 | D:3      | Killed Robin
  3064 | D:4      | Reached XP level 6. HP: 23/48 MP: 7/11
  3951 | D:4      | Your scales start taking on a golden yellow colour.
  3951 | D:4      | Reached XP level 7. HP: 29/56 MP: 4/13
  4196 | D:4      | Quit the game

Vault maps used:
D:1:      noname_arrival_rooms_in_the_neighbourhood
D:2:      hex_large
D:3:      old_standard_altar, overflow_temple_1_default, uniq_robin
D:4:      first_ration, serial_undead, serial_undead_f, serial_undead_d,
          serial_undead_f, serial_undead_e, serial_undead_b, serial_undead_e

Skill      XL: |  1  2  3  4  5  6 |
---------------+-------------------+-----
Dodging        | 2 |  2.8
Conjurations   | 2 3 |  3.7
Fighting       | 1 2 |  2.4
Spellcasting   | 3 4 |  4.0
Fire Magic     | 4 |  4.7
Stealth        | |  1.7

Action                   |  1- 3 |  4- 6 |  7- 9 || total
-------------------------+-------+-------+-------++-------
Melee: Unarmed           |     9 |       |       ||     9
       Dagger            |    48 |    61 |    13 ||   122
       Tailslap          |     3 |     4 |     1 ||     8
 Cast: Flame Tongue      |    55 |   119 |    17 ||   191
       Sticky Flame      |       |     2 |       ||     2
  Use: Scroll            |       |     1 |       ||     1
 Stab: Sleeping          |       |     1 |       ||     1
  Eat: Chunk             |     3 |     7 |       ||    10
Armor: Skin              |    26 |    47 |    17 ||    90
Dodge: Dodged            |    54 |    64 |    29 ||   147

Table legend:
 A = Non-vault XP
 B = Vault XP
 C = Vault XP percentage of total XP
 D = Non-vault monster count
 E = Vault monster count
 F = Vault count percentage of total count
                 A         B        C        D         E       F
            +---------+---------+-------+---------+---------+-------
      Total |     610 |     159 |  20.7 |      88 |      24 |  21.4
            +---------+---------+-------+---------+---------+-------
        D:1 |      14 |       0 |   0.0 |       9 |       0 |   0.0
        D:2 |     158 |       0 |   0.0 |      34 |       0 |   0.0
        D:3 |      60 |      38 |  38.8 |      26 |      12 |  31.6
        D:4 |     378 |     121 |  24.2 |      19 |      12 |  38.7
            +---------+---------+-------+---------+---------+-------
